Map: Acid Plant LE

Players

GOStephano (Stephano) - Winner!

  • Race: Zerg Zerg
  • League: Master
  • Spawn Location: 11:00

Clem

  • Race: Terran Terran
  • League: Grandmaster
  • Spawn Location: 5:00

Event: HomeStory Cup XVII

VOD

Have the link to the VOD?

Description

Time

  • Played on: June 28, 2018, 8:04 a.m.
  • Length: 25:26

All games in this series

Show
View Real Time Build Order
Export as new Build Order

GOStephano Zerg - Winner!

Build Orders: Pool First 

Get SALT Encoding   

  12  0:01  Drone  
  13  0:12  Overlord  
  13  0:17  Drone  
  14  0:31  Drone x2  
  14  0:35  Drone  
  17  0:45  Spawning Pool  
  17  0:47  Drone  
  17  1:07  Hatchery  
  16  1:11  Drone  
  17  1:25  Extractor  
  17  1:31  Zergling x2  
  17  1:32  Zergling x4, Queen  
  21  1:42  Overlord  
  21  1:57  Drone  
  22  2:04  Drone  
  22  2:08  Queen  
  25  2:16  Drone  
  25  2:20  Drone  
  27  2:27  Drone  
  29  2:30  Drone  
  29  2:36  Drone  
  30  2:40  Metabolic Boost, Drone x2  
  32  2:49  Overlord  
  31  2:54  Drone x3  
  31  2:57  Queen  
  34  3:06  Hatchery  
  34  3:10  Drone  
  34  3:11  Drone  
  35  3:14  Drone  
  35  3:18  Drone x2  
  38  3:20  Overlord  
  38  3:26  Queen  
  38  3:31  Drone x2  
  42  3:36  Queen  
  44  3:42  Zergling x4  
  44  3:43  Zergling x2  
  47  3:51  Drone  
  47  3:52  Drone x4  
  52  4:00  Overlord  
  52  4:02  Overlord  
  52  4:10  Overlord  
  52  4:11  Overlord  
  52  4:17  Queen x2  
  52  4:18  Overlord  
  56  4:25  Drone, Evolution Chamber x2  
  56  4:27  Drone  
  56  4:29  Zergling x2  
  56  4:30  Zergling x2  
  58  4:31  Zergling x2  
  58  4:33  Zergling x2  
  58  4:36  Zergling x2  
  58  4:37  Zergling x2  
  62  4:51  Drone x6  
  62  4:52  Zerg Ground Armor Level 1  
  68  4:53  Zerg Melee Weapons Level 1  
  68  4:55  Drone  
  68  4:58  Drone x2  
  68  4:59  Drone  
  69  5:04  Spore Crawler  
  69  5:05  Drone x3  
  71  5:09  Overlord  
  71  5:13  Spore Crawler  
  70  5:14  Spore Crawler, Drone  
  70  5:17  Drone x2  
  72  5:23  Drone x3  
  72  5:26  Queen  
  77  5:29  Zergling x8  
  81  5:43  Extractor x2, Zergling x10  
  83  5:55  Zergling x12  
  84  6:05  Zergling x8  
  77  6:14  Zergling x2  
  77  6:17  Lair  
  72  6:22  Drone x5  
  77  6:29  Drone x5  
  82  6:38  Baneling Nest  
  82  6:39  Drone x2  
  84  6:40  Drone x2  
  84  6:42  Hatchery  
  84  6:50  Extractor x2, Drone x5  
  84  6:53  Extractor  
  86  6:56  Hatchery  
  83  7:09  Drone x4  
  83  7:11  Drone x2  
  83  7:12  Drone x3  
  92  7:17  Zerg Ground Armor Level 2, Zerg Melee Weapons Level 2  
  92  7:19  Drone x4  
  92  7:20  Overlord x2  
  96  7:29  Zergling x2  
  97  7:31  Overlord x3  
  97  7:36  Baneling x4  
  97  7:37  Baneling, Centrifical Hooks  
  97  7:38  Overlord  
  97  7:40  Zergling x8  
  101  7:46  Zergling x2  
  101  7:47  Zergling x6  
  105  7:52  Zergling x10  
  110  8:00  Hydralisk Den  
  110  8:01  Infestation Pit, Drone x3  
  110  8:15  Zergling x18  
  119  8:23  Overlord x2  
  119  8:24  Drone x4  
  123  8:29  Zergling x12  
  123  8:33  Queen  
  131  8:35  Hatchery  
  130  8:44  Zergling x18  
  130  8:48  Hive  
  138  8:54  Zergling x8  
  138  8:55  Zergling x12  
  148  8:59  Drone x2  
  148  9:01  Baneling x8  
  150  9:03  Muscular Augments  
  147  9:18  Hydralisk x9  
  163  9:31  Hydralisk x5  
  163  9:33  Zerg Missile Weapons Level 1, Overlord x2  
  173  9:39  Overlord x2  
  173  9:40  Pneumatized Carapace  
  173  9:42  Overlord  
  173  9:50  Baneling x7  
  173  9:52  Zergling x22  
  184  10:00  Spine Crawler  
  184  10:01  Spine Crawler  
  184  10:02  Zerg Ground Armor Level 3  
  182  10:15  Grooved Spines  
  182  10:26  Overlord  
  177  10:49  Zergling x44  
  199  10:51  Adrenal Glands  
  199  10:54  Hatchery  
  198  10:57  Overseer  
  198  10:58  Overseer  
  198  11:00  Ultralisk Cavern  
  198  11:04  Baneling x10  
  182  11:12  Zergling x8  
  182  11:16  Zergling x2  
  182  11:17  Zergling x34  
  183  11:32  Hatchery  
  175  11:37  Zergling x2  
  175  11:38  Zergling x20  
  170  11:51  Hydralisk x9  
  170  11:52  Hydralisk  
  170  11:53  Zerg Missile Weapons Level 2  
  188  11:54  Chitinous Plating  
  188  12:03  Hatchery  
  188  12:05  Drone x10  
  196  12:14  Baneling x9  
  196  12:15  Baneling x2  
  196  12:24  Zergling x8  
  200  12:37  Spine Crawler x2  
  200  12:39  Zerg Melee Weapons Level 3  
  200  12:40  Zergling x2  
  200  12:41  Zergling x2  
  170  12:51  Zergling x14  
  170  12:52  Zergling x2  
  170  12:54  Zergling x2  
  170  12:55  Zergling x36  
  158  13:01  Zergling x8  
  152  13:06  Overlord  
  152  13:08  Ultralisk x4  
  152  13:11  Zergling x2  
  152  13:12  Zergling x6  
  180  13:15  Baneling x10  
  180  13:16  Baneling x4  
  180  13:20  Drone x4  
  184  13:27  Zergling x2  
  184  13:28  Zergling x18  
  190  13:41  Zergling x24  
  161  13:46  Baneling x3  
  161  13:47  Baneling x5  
  161  13:48  Zergling x16  
  176  13:52  Zergling x4  
  178  13:59  Zergling x20  
  178  14:01  Baneling  
  178  14:02  Baneling x10  
  188  14:09  Overseer  
  188  14:11  Zergling x18  
  197  14:23  Zergling x2  
  197  14:24  Zergling x6  
  196  14:43  Zergling x2  
  196  14:44  Zergling x6  
  200  14:47  Zerg Missile Weapons Level 3  
  200  14:51  Overseer x3  
  139  15:08  Zergling x52  
  163  15:19  Hydralisk x13  
  188  15:29  Baneling x20  
  188  15:31  Spore Crawler, Spine Crawler  
  186  15:41  Zergling x26  
  199  15:48  Hatchery  
  199  15:59  Baneling  
  199  16:00  Baneling x2  
  162  16:31  Zergling x6  
  162  16:32  Zergling x44  
  158  16:37  Hydralisk x15  
  158  16:38  Hydralisk x7  
  186  16:44  Zergling x8  
  173  16:49  Hydralisk x4  
  181  16:54  Baneling x14  
  181  16:55  Baneling  
  183  17:02  Extractor x2, Zergling x12  
  187  17:10  Zergling x8  
  191  17:21  Zergling x2  
  191  17:22  Zergling x26  
  188  17:29  Hatchery  
  178  17:32  Zergling x2  
  178  17:33  Zergling x10  
  175  17:38  Hydralisk x4  
  175  17:43  Zergling x10  
  164  18:00  Zergling x22  
  164  18:04  Baneling x2  
  164  18:05  Baneling x8  
  163  18:07  Zergling x20  
  163  18:08  Zergling x4  
  172  18:13  Zergling x2  
  172  18:14  Zergling x6  
  172  18:19  Zergling x6  
  173  18:26  Zergling x6  
  173  18:27  Zergling x6  
  179  18:29  Baneling x11  
  179  18:30  Overseer x2  
  179  18:34  Hatchery, Zergling x16  
  169  18:44  Zergling x2  
  169  18:45  Zergling x8  
  129  18:52  Hydralisk x7  
  124  18:57  Hydralisk x3  
  124  19:00  Zergling x6  
  124  19:01  Zergling x2  
  130  19:03  Baneling x5  
  130  19:07  Hydralisk x2  
  130  19:08  Hydralisk  
  134  19:10  Hydralisk  
  134  19:13  Hydralisk  
  134  19:14  Hydralisk  
  140  19:17  Hydralisk x2  
  144  19:25  Hydralisk x4  
  152  19:36  Zergling x14  
  152  19:37  Zergling x12  
  163  19:43  Zergling x14  
  166  19:50  Drone x4  
  166  19:51  Drone  
  171  20:01  Baneling  
  171  20:02  Baneling x10  
  171  20:08  Zergling x28  
  185  20:20  Drone x5  
  187  20:32  Zergling x32  
  198  20:44  Zergling x4  
  198  20:47  Spore Crawler  
  197  20:50  Zergling x6  
  200  21:01  Baneling x5  
  200  21:22  Hatchery  
  190  21:36  Zergling x34  
  200  21:45  Spine Crawler  
  200  21:46  Spine Crawler x2  
  197  21:49  Zergling x2  
  197  21:50  Zergling x4  
  185  22:02  Zergling x32  
  185  22:08  Zergling x20  
  181  22:13  Hydralisk  
  181  22:14  Hydralisk x14  
  179  22:20  Zergling x6  
  171  22:24  Hydralisk  
  171  22:28  Zergling x10  
  170  22:32  Spore Crawler  
  170  22:33  Zergling x6  
  170  22:35  Extractor x2  
  166  22:37  Baneling  
  166  22:39  Zergling x16  
  174  22:44  Zergling x2  
  174  22:45  Zergling x4  
  174  22:47  Baneling  
  174  22:48  Baneling x2  
  174  22:51  Extractor x2, Zergling x10  
  178  22:59  Zergling x8  
  178  23:00  Zergling x12  
  177  23:09  Zergling x2  
  177  23:10  Zergling x24  
  175  23:23  Zergling x4  
  175  23:24  Zergling x10  
  182  23:27  Baneling x13  
  182  23:28  Hatchery  
  181  23:36  Overlord  
  181  23:37  Overseer x2  
  181  23:39  Zergling x2  
  181  23:40  Zergling x14  
  184  23:54  Zergling x16  
  191  23:58  Baneling x8  
  191  24:16  Zergling x2  
  194  24:17  Zergling x10  
  194  24:21  Zergling x2  
  194  24:22  Zergling x10  
  188  24:25  Zergling x2  
  188  24:26  Zergling x22  
  195  24:40  Baneling x8  
  195  24:43  Zergling x8  
  194  25:03  Zergling x30  
Show
View Real Time Build Order
Export as new Build Order

Clem Terran 

Build Orders: Gas First Reaper Expand, Reaper Expand, Bio Tank 

Get SALT Encoding   

  12  0:01  SCV  
  13  0:13  SCV  
  14  0:17  Supply Depot  
  14  0:25  SCV  
  15  0:34  Refinery  
  15  0:39  SCV  
  16  0:44  Barracks  
  16  0:51  SCV  
  17  1:03  SCV  
  18  1:15  SCV  
  19  1:31  Orbital Command, Reaper  
  20  1:43  Command Center  
  20  1:54  Factory  
  20  1:59  SCV  
  21  2:07  Supply Depot  
  21  2:11  SCV  
  21  2:14  Barracks Reactor  
  22  2:23  SCV  
  23  2:35  SCV  
  24  2:47  SCV  
  24  2:49  Refinery, Starport  
  24  2:50  Marine  
  24  2:51  Marine  
  27  2:54  Supply Depot  
  25  2:59  SCV  
  26  3:11  SCV, Marine x2  
  29  3:20  Cyclone  
  29  3:23  Orbital Command, SCV  
  33  3:35  SCV  
  33  3:37  Supply Depot  
  33  3:38  Medivac  
  36  3:47  Barracks Tech Lab  
  36  3:48  SCV  
  37  3:49  SCV  
  38  4:00  Supply Depot, SCV  
  38  4:01  SCV  
  38  4:02  Hellion  
  42  4:04  Hellion  
  44  4:12  SCV  
  44  4:13  SCV  
  44  4:14  Liberator  
  48  4:24  SCV  
  48  4:25  SCV  
  48  4:27  Hellion x2  
  55  4:34  Supply Depot  
  55  4:36  SCV  
  55  4:37  SCV  
  56  4:42  Barracks Tech Lab  
  56  4:48  SCV, Hellion x2  
  56  4:49  SCV  
  61  5:00  SCV, Command Center  
  61  5:01  SCV  
  61  5:03  Armory  
  61  5:06  Stimpack  
  63  5:08  Supply Depot  
  63  5:09  Marine  
  63  5:12  SCV  
  65  5:18  SCV  
  65  5:19  Factory Reactor  
  66  5:22  Starport Reactor  
  66  5:26  SCV  
  67  5:30  SCV  
  67  5:32  Barracks  
  67  5:33  Barracks  
  67  5:35  Engineering Bay x2  
  68  5:37  Marine  
  69  5:42  Refinery  
  69  5:43  Refinery  
  69  5:45  SCV x2  
  71  5:55  Marine  
  71  5:56  Supply Depot  
  72  5:57  SCV x2  
  73  6:09  SCV x2  
  65  6:12  Marine  
  65  6:13  Orbital Command  
  65  6:14  Terran Infantry Weapons Level 1, Terran Infantry Armor Level 1  
  59  6:20  Marine  
  59  6:21  SCV x2  
  59  6:24  Medivac x2  
  59  6:25  Marine  
  67  6:30  Marine  
  67  6:31  Barracks  
  67  6:32  Barracks  
  68  6:33  SCV  
  68  6:35  Orbital Command, Marine x2  
  68  6:37  Siege Tank  
  68  6:38  Marine  
  75  6:42  SCV  
  75  6:43  Marine  
  75  6:45  SCV  
  78  6:48  Marine  
  78  6:49  Armory  
  78  6:52  Marine  
  78  6:53  Marine  
  81  6:54  SCV  
  81  6:58  SCV, Marine  
  81  7:01  Marine  
  85  7:04  SCV  
  85  7:06  Combat Shield, Supply Depot, SCV, Marine  
  88  7:10  SCV  
  88  7:14  Siege Tank  
  94  7:16  SCV  
  94  7:18  Bunker, SCV  
  94  7:19  Supply Depot  
  94  7:22  SCV, Barracks Reactor x2  
  95  7:24  Marine x3  
  95  7:28  SCV  
  99  7:30  SCV  
  99  7:31  Barracks Reactor  
  99  7:32  Supply Depot  
  99  7:34  SCV  
  99  7:36  Refinery  
  98  7:37  Refinery  
  98  7:38  Supply Depot  
  98  7:40  SCV  
  98  7:42  Marine x3, Factory, SCV  
  103  7:48  Medivac  
  103  7:49  Medivac  
  107  7:52  Supply Depot  
  107  7:54  SCV  
  107  7:55  SCV x2  
  107  7:58  Marine  
  110  8:00  Marine x3  
  110  8:02  Marine x2, Terran Vehicle Weapons Level 1  
  110  8:03  Marine  
  117  8:06  SCV  
  117  8:07  SCV  
  117  8:09  SCV, Command Center  
  120  8:13  Marine x2  
  120  8:14  Siege Tank  
  120  8:16  Marine  
  120  8:18  Marine x3  
  129  8:20  SCV x2, Marine  
  129  8:21  SCV, Marine  
  129  8:25  Supply Depot  
  129  8:26  Supply Depot, Terran Infantry Weapons Level 2  
  133  8:31  Terran Infantry Armor Level 2  
  133  8:32  SCV, Marine x2  
  136  8:37  Marine  
  136  8:39  Supply Depot, Factory Tech Lab  
  137  8:47  Siege Tank, Medivac x2  
  137  8:48  Marine x3  
  141  8:49  Marine  
  141  8:53  Marine  
  145  8:56  Supply Depot, Marine  
  145  8:57  Marine  
  145  9:01  Marine x2  
  145  9:02  Siege Tank  
  152  9:06  Supply Depot, Marine x2  
  154  9:10  Marine x2  
  154  9:11  Marine  
  154  9:14  Marine x2  
  159  9:19  Marine  
  159  9:22  SCV x3  
  162  9:27  Siege Tank, Marine x2  
  162  9:28  Marine  
  162  9:29  Marine  
  169  9:32  Marauder, Marine x2  
  169  9:34  Siege Tank, SCV x3  
  179  9:39  Medivac x2  
  183  9:46  Barracks  
  183  9:49  Barracks  
  183  9:50  Concussive Shells  
  183  9:52  Barracks  
  183  9:55  Ghost Academy  
  183  9:56  Planetary Fortress  
  183  9:59  Marauder  
  185  10:05  Marine x3  
  188  10:07  Siege Tank  
  188  10:09  Siege Tank  
  194  10:17  Refinery  
  194  10:18  Refinery  
  194  10:21  Marauder  
  196  10:25  Command Center  
  196  10:27  Marine  
  197  10:35  Marine x4  
  199  10:36  Barracks Tech Lab  
  199  10:40  Terran Vehicle Weapons Level 2  
  199  10:42  Barracks Tech Lab x2  
  200  10:49  Fusion Core  
  200  10:50  Personal Cloaking  
  200  10:52  Starport  
  200  10:53  Starport  
  196  11:12  Siege Tank, Marine x2  
  196  11:13  Marauder, Marine  
  196  11:16  Marine  
  196  11:17  Marine  
  196  11:18  Marine x2  
  191  11:19  Marine x3  
  191  11:20  Marauder  
  196  11:30  Command Center  
  196  11:32  Liberator x2  
  190  11:33  Ghost  
  190  11:34  Siege Tank  
  190  11:37  Marine, Ghost x2  
  192  11:50  Starport Reactor, Starport Tech Lab  
  192  11:51  Marauder, Marine  
  192  11:52  Marine x4  
  185  11:54  Marine x2  
  185  11:55  Marine  
  188  12:02  Ghost  
  188  12:06  Marauder x2  
  188  12:07  Refinery  
  188  12:08  Planetary Fortress, Marine  
  194  12:10  Refinery, Marine x2  
  194  12:12  Marauder  
  199  12:17  Refinery  
  199  12:19  Missile Turret, Command Center  
  199  12:24  Marine  
  199  12:25  Command Center  
  199  12:27  Sensor Tower  
  200  12:31  Ghost Academy  
  200  12:34  Advanced Ballistics  
  200  12:36  Nuke, Ghost Academy  
  200  12:47  Siege Tank  
  200  12:50  Siege Tank  
  200  12:51  Marine x2, Ghost  
  174  12:52  Marine  
  174  12:54  Marine x4  
  174  12:55  Marine x4  
  152  13:02  Liberator x2  
  152  13:03  Unknown x2  
  152  13:04  SCV x3  
  154  13:09  Marine  
  154  13:12  Ghost x3  
  155  13:14  Marine  
  155  13:17  Marine  
  155  13:19  Siege Tank  
  166  13:20  Marine x2  
  166  13:21  Marine x2  
  166  13:22  Siege Tank  
  181  13:29  Terran Infantry Weapons Level 3  
  181  13:31  Marine  
  181  13:32  Marine x2  
  181  13:38  SCV  
  181  13:40  SCV x2  
  166  13:42  Marauder  
  166  13:44  Marine x2, Ghost  
  166  13:47  Planetary Fortress  
  172  13:50  SCV  
  172  13:51  Siege Tank  
  172  13:55  Ghost x2  
  180  13:59  Siege Tank  
  180  14:02  SCV x2  
  185  14:08  Terran Infantry Armor Level 3  
  185  14:12  Refinery  
  185  14:16  Marauder, Marine x2  
  189  14:18  SCV x5  
  189  14:19  SCV  
  189  14:20  Marauder, Marine x2  
  189  14:23  Marine  
  200  14:38  Nuke x3  
  198  14:39  Terran Ship Weapons Level 1  
  198  14:40  Terran Vehicle And Ship Armor Level 1  
  198  14:48  Ghost  
  200  14:56  Command Center  
  197  15:00  Ghost  
  197  15:01  Ghost  
  197  15:04  Ghost  
  197  15:06  Marine  
  180  15:09  Marine x3  
  181  15:16  Ghost  
  181  15:18  Marine x4  
  181  15:19  Siege Tank  
  190  15:21  Orbital Command  
  190  15:27  Marine x3  
  193  15:29  Ghost x2  
  197  15:38  Marine  
  197  15:39  Marauder  
  200  15:53  Refinery, Starport  
  200  15:54  Refinery  
  200  16:12  Planetary Fortress  
  200  16:14  Missile Turret  
  200  16:15  Missile Turret, Ghost  
  200  16:16  Liberator  
  200  16:17  Command Center  
  200  16:25  SCV x2  
  172  16:26  SCV, Ghost  
  172  16:28  Siege Tank  
  162  16:34  Siege Tank  
  162  16:36  Ghost  
  162  16:39  Liberator  
  163  16:46  SCV, Ghost x2  
  163  16:47  SCV, Marine  
  155  16:50  Command Center  
  160  16:54  Command Center  
  160  17:00  Siege Tank  
  168  17:01  Marauder  
  168  17:04  Marine  
  168  17:05  Marine x3  
  168  17:06  Siege Tank  
  175  17:11  SCV x2  
  175  17:12  Marine x2  
  179  17:18  Marine x3  
  179  17:20  Marine  
  175  17:22  SCV  
  175  17:25  SCV  
  169  17:33  Siege Tank  
  169  17:34  Marine  
  169  17:35  SCV  
  160  17:46  Siege Tank  
  163  17:57  Liberator  
  141  18:01  Marine  
  141  18:02  Unknown x9  
  144  18:05  Siege Tank  
  144  18:11  Ghost  
  146  18:17  Marine  
  144  18:22  Planetary Fortress  
  144  18:28  Marine x2  
  144  18:30  Marine  
  147  18:37  Liberator  
  136  18:48  Ghost x2  
  116  18:49  Marine x2  
  108  18:56  Marauder, Marine  
  108  18:58  Marine x2  
  113  19:06  Siege Tank, Marine  
  117  19:11  SCV x2  
  117  19:14  SCV  
  117  19:16  Siege Tank  
  123  19:20  Medivac  
  125  19:26  Ghost  
  126  19:33  Ghost  
  126  19:39  Ghost  
  126  19:41  SCV  
  120  19:47  Liberator x2  
  120  19:48  Planetary Fortress  
  120  20:02  Medivac  
  128  20:08  Ghost  
  128  20:10  Ghost  
  132  20:14  Refinery  
  132  20:16  Refinery  
  132  20:23  Ghost  
  132  20:26  Marine  
  132  20:27  Marine  
  133  20:35  Ghost  
  133  20:41  Marine  
  133  20:42  Marine x7  
  142  20:48  SCV  
  144  20:50  SCV x3  
  144  20:53  Ghost  
  144  20:55  Marine x2, Liberator  
  151  20:59  Marine x3  
  151  21:00  Marine x5  
  151  21:02  SCV x2  
  151  21:03  SCV  
  151  21:04  SCV  
  163  21:08  Siege Tank  
  169  21:26  Command Center  
  162  21:39  Siege Tank  
  159  21:42  Orbital Command  
  159  21:45  Ghost  
  161  21:54  Siege Tank  
  164  22:00  Ghost  
  158  22:05  Marine  
  158  22:06  Marine  
  158  22:08  Marine  
  151  22:12  Marauder, Siege Tank  
  151  22:13  Marine  
  151  22:14  Marine  
  141  22:21  Ghost  
  131  22:33  Marine, Medivac  
  131  22:34  Marine x5  
  139  22:43  Marauder  
  141  22:44  Refinery  
  141  22:51  Marine x2  
  142  22:54  Marine x5  
  148  22:59  Marine  
  148  23:01  Marine  
  147  23:07  Medivac  
  147  23:08  Marauder, Marine  
  139  23:19  Medivac x2  
  143  23:20  Marine x2  
  145  23:28  SCV x2  
  145  23:30  Medivac  
  145  23:31  SCV  
  145  23:48  SCV  
  145  23:49  SCV x2  
  145  23:59  Siege Tank  
  145  24:00  SCV  
  145  24:01  SCV  
  149  24:10  Ghost  
  149  24:11  Marine x4  
  134  24:24  Medivac  
  134  24:27  Marine x4  
  138  24:50  Command Center  
Tags
 
Add a new tag
Caveats
  • Supply blocks, unpowered buildings, or Contaminate may cause inaccurate times.
  • Supply counts are checked every 10 seconds.